Map: Jagannatha LE

Players

HeroMarine

  • Race: Terran Terran
  • League: Grandmaster
  • Spawn Location: 1:00

MarineLorD - Winner!

  • Race: Terran Terran
  • League: Master
  • Spawn Location: 7:00

Event: DreamHack SC2 Masters 2020 Winter

VOD

Have the link to the VOD?

Description

Time

  • Played on: Oct. 29, 2020, 2:29 p.m.
  • Length: 24:40

All games in this series

Show
View Real Time Build Order
Export as new Build Order

HeroMarine Terran 

Build Orders:  

Get SALT Encoding   

  12  0:00  SCV  
  13  0:12  SCV  
  14  0:17  Supply Depot  
  14  0:24  SCV  
  15  0:38  SCV  
  15  0:39  Barracks  
  16  0:43  Refinery  
  16  0:51  SCV  
  16  0:53  Refinery  
  17  1:03  SCV  
  18  1:15  SCV  
  19  1:26  Reaper  
  19  1:27  Orbital Command  
  19  1:30  Supply Depot  
  20  1:44  Factory  
  20  1:52  SCV  
  21  1:58  Reaper  
  22  2:05  SCV  
  23  2:17  SCV  
  24  2:24  Command Center  
  24  2:29  Hellion  
  26  2:30  SCV  
  26  2:33  Barracks Reactor  
  27  2:42  SCV, Supply Depot  
  28  2:51  Widow Mine  
  30  2:54  Starport  
  30  2:56  SCV  
  31  3:08  SCV  
  31  3:09  Marine x2  
  34  3:13  Factory Tech Lab  
  34  3:20  SCV  
  35  3:32  SCV  
  38  3:34  Cyclone  
  38  3:35  Orbital Command, Marine x2  
  38  3:37  Starport Tech Lab  
  41  3:42  Refinery  
  41  3:44  SCV  
  42  3:53  Marine x2  
  44  3:57  Raven, Supply Depot  
  44  4:01  SCV x2  
  48  4:13  SCV x2  
  48  4:15  Siege Tank  
  53  4:25  SCV x2  
  53  4:29  Command Center  
  55  4:32  Supply Depot  
  55  4:37  SCV  
  55  4:38  SCV  
  57  4:40  Raven  
  59  4:49  SCV  
  59  4:50  SCV  
  60  4:52  Refinery  
  60  4:53  Siege Tank  
  60  4:54  Supply Depot  
  60  4:55  Marine  
  60  4:57  Marine  
  65  5:02  SCV x2  
  65  5:14  SCV  
  65  5:15  SCV  
  65  5:18  Marine x2, Barracks  
  65  5:20  Barracks  
  69  5:26  SCV  
  69  5:27  SCV  
  71  5:32  Siege Tank  
  74  5:37  Engineering Bay  
  74  5:38  Engineering Bay  
  74  5:39  SCV x2  
  49  5:42  Orbital Command  
  76  5:45  Viking  
  76  5:47  Viking  
  80  5:51  Stimpack  
  80  5:52  SCV  
  80  5:55  SCV  
  82  5:58  Marine  
  83  6:04  SCV  
  83  6:06  Siege Tank  
  83  6:07  Barracks Reactor x2, SCV  
  88  6:12  Orbital Command  
  88  6:14  Supply Depot x2  
  88  6:15  Terran Infantry Weapons Level 1  
  88  6:19  Terran Infantry Armor Level 1  
  88  6:20  SCV x2  
  90  6:32  SCV x2  
  91  6:33  Viking  
  91  6:35  Viking  
  91  6:37  SCV, Supply Depot x2  
  96  6:43  Siege Tank  
  96  6:44  SCV x2  
  101  6:49  SCV  
  101  6:53  Barracks  
  101  6:54  Barracks  
  102  6:56  SCV  
  102  6:57  SCV  
  102  6:58  Refinery  
  102  6:59  Refinery  
  104  7:04  Marine x2  
  101  7:09  SCV x2  
  101  7:13  Viking x2  
  101  7:14  Marine x2  
  107  7:17  Marine  
  107  7:21  SCV x2, Marine  
  111  7:27  Orbital Command, Marine  
  108  7:32  Marine x2  
  108  7:33  SCV x2  
  108  7:35  Marine  
  92  7:39  Marine  
  80  7:45  SCV x2, Marine  
  80  7:48  Barracks Reactor x2, Combat Shield  
  80  7:49  Marine  
  84  7:52  Siege Tank  
  84  7:53  Medivac  
  84  7:55  SCV  
  84  7:57  SCV x2  
  92  8:00  Armory  
  92  8:07  SCV, Marine x4  
  92  8:09  SCV x2  
  92  8:10  Refinery  
  92  8:12  Marine  
  100  8:19  SCV  
  101  8:21  SCV x2  
  101  8:25  Marine  
  101  8:26  Marine x4  
  101  8:27  Marine  
  108  8:28  Marine  
  108  8:29  Marine, Sensor Tower  
  108  8:30  Marine  
  108  8:31  SCV  
  108  8:32  Siege Tank  
  108  8:33  SCV x2  
  118  8:39  Medivac  
  118  8:41  Viking  
  122  8:46  Command Center  
  122  8:47  Terran Infantry Weapons Level 2  
  123  8:49  Factory  
  123  8:52  Terran Infantry Armor Level 2  
  125  8:57  Supply Depot  
  125  8:58  Supply Depot  
  125  8:59  Terran Vehicle Weapons Level 1  
  125  9:02  Supply Depot  
  122  9:04  Supply Depot  
  122  9:07  Marine x3  
  125  9:12  Supply Depot  
  125  9:17  Barracks Reactor  
  125  9:18  Marine x5, Siege Tank  
  133  9:24  Marine  
  133  9:25  Medivac x2, Marine  
  133  9:26  Marine  
  133  9:30  SCV x2, Supply Depot  
  133  9:31  SCV  
  143  9:36  Marine  
  144  9:39  Marine x2  
  144  9:42  SCV x2, Marine  
  144  9:43  SCV, Marine  
  144  9:44  Marine x2  
  153  9:45  Barracks  
  153  9:47  Barracks  
  153  9:48  Barracks, Siege Tank  
  156  9:55  Viking x2  
  156  9:59  SCV  
  158  10:00  SCV x2  
  158  10:03  Marine  
  158  10:04  Marine  
  158  10:05  Marine  
  158  10:06  Marine x5  
  167  10:12  Marine x2, Sensor Tower  
  169  10:16  Siege Tank  
  169  10:21  Marine, Siege Tank  
  175  10:23  Planetary Fortress  
  175  10:25  Marine x6  
  175  10:27  Medivac  
  184  10:34  Barracks Reactor  
  184  10:35  Barracks Reactor, Supply Depot x2, Marine  
  183  10:36  Barracks Reactor  
  183  10:39  Marine x3  
  187  10:43  Marine  
  187  10:49  Command Center  
  188  10:55  Marine x2  
  188  10:56  Siege Tank  
  191  10:58  Terran Vehicle Weapons Level 2  
  188  11:04  Terran Infantry Weapons Level 3  
  188  11:09  Refinery x2  
  188  11:11  Terran Infantry Armor Level 3  
  188  11:25  Viking, Siege Tank  
  182  11:26  Marine x2  
  182  11:29  Marine x2  
  182  11:31  Marine x6  
  194  11:34  Marine  
  194  11:35  Marine x2  
  194  11:37  Marine x3  
  200  11:44  Marine x2  
  200  11:46  Siege Tank  
  186  11:47  Marine x2  
  186  11:48  Marine  
  186  11:49  Marine x3  
  186  11:50  Marine x2  
  176  11:57  Medivac  
  176  11:58  Medivac  
  176  12:00  Marine  
  179  12:07  Marine x2  
  181  12:11  Marine x2  
  181  12:13  Marine  
  181  12:14  Marine x10  
  181  12:15  Starport, Siege Tank  
  194  12:18  Siege Tank  
  194  12:20  Starport  
  197  12:29  Viking  
  199  12:33  Marine  
  184  12:37  Marine x2  
  184  12:41  Medivac  
  184  12:43  Marine x2  
  172  12:47  Siege Tank  
  172  12:49  Marine x2  
  172  12:51  Siege Tank  
  175  12:53  Starport Reactor  
  175  12:55  Marine x5  
  175  12:56  Armory  
  180  12:58  Command Center, Marine x2  
  180  12:59  Medivac  
  180  13:00  Command Center  
  180  13:03  Planetary Fortress  
  187  13:06  Starport Reactor  
  187  13:09  Marine x2  
  187  13:10  Marine x5  
  191  13:14  Viking, Terran Ship Weapons Level 1  
  193  13:29  Viking  
  168  13:35  Viking x2, Siege Tank x2  
  165  13:48  Marine  
  165  13:50  Marine  
  165  13:52  Viking x3  
  171  13:59  Viking  
  173  14:05  Viking x2  
  173  14:07  Siege Tank x2  
  178  14:22  Viking x2  
  177  14:35  Viking x2  
  181  14:39  Siege Tank  
  181  14:41  Siege Tank  
  181  14:45  Terran Vehicle And Ship Armor Level 1  
  187  14:50  Liberator x2  
  187  15:11  Siege Tank  
  187  15:12  Orbital Command, Marine x9  
  187  15:13  Marine  
  197  15:38  Viking x2  
  197  15:40  Viking x2  
  190  15:43  Viking x2  
  190  15:45  Siege Tank x2  
  190  15:46  Orbital Command  
  200  15:54  Orbital Command  
  200  16:02  Terran Ship Weapons Level 2  
  200  16:03  Fusion Core  
  198  16:11  Viking x2  
  196  16:14  Refinery  
  196  16:15  Viking, Refinery, Command Center  
  198  16:30  Siege Tank  
  198  16:31  Marine  
  189  16:35  Marine x15  
  181  16:40  Viking  
  181  16:41  Viking  
  181  16:43  Siege Tank  
  183  16:49  Marine  
  183  16:53  Marine x3  
  183  16:54  Sensor Tower  
  187  16:59  Advanced Ballistics  
  187  17:00  Marine  
  187  17:01  Marine x8  
  196  17:11  Refinery  
  196  17:16  Siege Tank  
  196  17:17  Siege Tank, Liberator  
  184  17:24  Marine  
  184  17:25  Marine x2, Liberator  
  186  17:34  Viking  
  186  17:35  Viking  
  186  17:36  Marine x9  
  186  17:37  Marine  
  199  17:40  Viking  
  186  17:47  Viking  
  186  17:50  Marine  
  186  17:51  Marine x2  
  181  17:54  Marine x2  
  181  18:00  Viking  
  183  18:07  Viking  
  183  18:08  Viking  
  183  18:11  Viking  
  188  18:22  Viking x2  
  192  18:29  Sensor Tower  
  192  18:33  Orbital Command  
  192  18:38  Viking x2  
  184  18:48  Viking x2  
  184  18:52  Marine x5  
  184  18:54  Marine  
  173  19:07  Siege Tank  
  173  19:08  Marine  
  177  19:10  Marine x2  
  177  19:16  Siege Tank  
  185  19:22  Viking  
  182  19:25  Refinery  
  182  19:31  Viking  
  182  19:32  Marine x11  
  195  19:43  Viking  
  192  19:46  Marine x2  
  192  19:47  Marine  
  195  19:56  Viking x2  
  199  20:03  Viking x2  
  199  20:05  Viking  
  188  20:13  Viking  
  176  20:14  Marine  
  176  20:15  Marine x9  
  176  20:17  Marine  
  176  20:21  Marine x2  
  180  20:22  Marine  
  180  20:23  Marine x2  
  163  20:30  Medivac x2  
  163  20:32  Marine  
  163  20:33  Medivac  
  164  20:38  Marine x5  
  169  20:44  Marine x4  
  169  20:46  Marine  
  169  20:48  Medivac  
  176  20:58  Medivac x2  
  176  21:02  Marine x5  
  176  21:03  Marine  
  186  21:06  Marine  
  186  21:17  Marine x6  
  192  21:19  Marine x2  
  192  21:20  Marine  
  195  21:31  Siege Tank  
  185  21:36  Marine x2  
  185  21:38  Marine  
  185  21:39  Marine x4  
  191  21:40  Marine  
  179  21:50  Medivac x2  
  179  21:51  Medivac  
  179  21:52  Marine  
  179  21:54  Marine  
  168  22:06  Marine x6  
  165  22:12  Siege Tank  
  165  22:14  Marine x2  
  165  22:15  Marine x2  
  153  22:22  Marine x2  
  154  22:25  Marine x3  
  154  22:28  Medivac  
  160  22:42  Siege Tank  
  162  22:44  Orbital Command  
  162  22:47  Marine  
  162  22:48  Marine x5  
  162  22:49  Marine x2  
  131  22:51  Marine  
  131  22:52  Marine  
  131  22:54  Marine  
  131  22:56  Marine  
  134  22:59  Marine x2  
  136  23:05  Marine  
  136  23:06  Marine  
  136  23:09  Marine x2  
  136  23:12  Marine  
  141  23:13  Marine  
  141  23:15  Marine x2  
  141  23:18  Marine x2  
  146  23:20  Marine x2  
  146  23:24  Marine x2  
  143  23:27  Marine x2  
  143  23:28  Marine  
  143  23:29  Marine x2  
  143  23:30  Marine  
  139  23:35  Marine  
  139  23:36  Marine x4  
  139  23:37  Marine  
  139  23:39  Marine  
  146  23:43  Marine, Siege Tank  
  146  23:44  Marine  
  146  23:46  Marine  
  151  23:49  Marine x2  
  151  23:50  Marine x2  
  151  23:51  Marine  
  151  23:53  Marine  
  151  23:54  Marine  
  158  24:07  Orbital Command  
  156  24:18  Marine  
Show
View Real Time Build Order
Export as new Build Order

MarineLorD Terran - Winner!

Build Orders:  

Get SALT Encoding   

  12  0:00  SCV  
  13  0:12  SCV  
  14  0:17  Supply Depot  
  14  0:24  SCV  
  15  0:28  Refinery  
  15  0:38  SCV  
  16  0:44  Barracks  
  16  0:50  SCV  
  16  0:55  Refinery  
  17  1:03  SCV  
  18  1:15  SCV  
  19  1:30  Orbital Command  
  19  1:31  Reaper  
  20  1:34  Factory  
  20  1:45  Supply Depot  
  20  1:56  SCV  
  21  2:03  Reaper  
  21  2:08  SCV  
  23  2:18  Hellion  
  23  2:20  SCV  
  26  2:28  Command Center  
  26  2:32  SCV  
  26  2:35  Barracks Reactor  
  27  2:39  Widow Mine  
  29  2:44  SCV  
  29  2:49  Supply Depot  
  30  2:57  Starport  
  30  2:59  SCV  
  30  3:04  Factory Tech Lab  
  31  3:11  SCV  
  31  3:12  Marine x2  
  34  3:24  SCV, Cyclone, Refinery  
  38  3:35  Starport Tech Lab  
  38  3:36  SCV  
  38  3:39  Marine  
  38  3:40  Orbital Command  
  40  3:44  Marine  
  40  3:48  SCV  
  42  3:53  Raven  
  44  4:00  SCV, Siege Tank  
  48  4:06  SCV  
  48  4:08  Supply Depot  
  49  4:12  SCV  
  49  4:14  Marine  
  49  4:15  Marine  
  52  4:21  SCV  
  52  4:23  Supply Depot  
  53  4:24  SCV  
  54  4:31  Supply Depot  
  54  4:33  SCV  
  54  4:36  SCV  
  54  4:37  Raven  
  58  4:41  Siege Tank  
  58  4:45  SCV  
  62  4:48  SCV  
  65  4:54  Supply Depot  
  65  4:57  SCV  
  64  5:00  SCV  
  64  5:04  Command Center  
  65  5:12  SCV  
  65  5:14  Siege Tank  
  69  5:20  Supply Depot  
  68  5:22  Refinery  
  68  5:24  SCV x2  
  69  5:33  Viking  
  69  5:34  Viking  
  73  5:35  Stimpack  
  73  5:36  SCV x2  
  73  5:38  Marine  
  76  5:43  Supply Depot  
  76  5:48  SCV x2  
  76  5:49  Siege Tank  
  81  5:57  Marine  
  81  6:00  SCV x2  
  81  6:03  Viking  
  81  6:04  Viking  
  88  6:12  SCV  
  88  6:13  SCV  
  88  6:15  Orbital Command, Marine  
  91  6:22  Siege Tank  
  91  6:24  SCV  
  91  6:25  SCV  
  96  6:33  Viking x2  
  96  6:34  Marine  
  96  6:36  SCV  
  96  6:37  SCV, Orbital Command  
  103  6:41  Supply Depot  
  103  6:46  Barracks  
  103  6:47  Barracks  
  103  6:53  SCV x2, Engineering Bay x2  
  105  7:08  Marine  
  105  7:11  Viking x2  
  105  7:13  SCV x2  
  112  7:19  SCV, Refinery  
  112  7:20  Refinery  
  113  7:25  SCV x2  
  113  7:26  Marine  
  112  7:31  SCV  
  112  7:34  Siege Tank  
  94  7:37  SCV x2  
  94  7:41  Viking x2  
  94  7:43  Terran Infantry Weapons Level 1, Terran Infantry Armor Level 1  
  84  7:45  Barracks Reactor  
  84  7:46  Barracks Reactor  
  84  7:51  Marine  
  85  7:52  Combat Shield  
  85  7:57  SCV x2, Sensor Tower  
  87  8:07  Siege Tank  
  87  8:08  Barracks  
  87  8:09  Marine  
  87  8:10  Viking, Barracks  
  93  8:13  SCV x3  
  93  8:18  Armory  
  96  8:20  Viking  
  96  8:21  Marine x2  
  96  8:22  Marine x2  
  96  8:26  Marine  
  103  8:31  Command Center  
  103  8:39  Missile Turret, Marine x2  
  103  8:40  Medivac, Marine x2, Siege Tank  
  112  8:43  SCV x2  
  112  8:44  SCV  
  112  8:48  Marine  
  116  8:50  Medivac  
  116  8:55  Supply Depot x2  
  118  8:56  Barracks Reactor x2  
  118  8:57  Supply Depot x2, Marine x2  
  120  9:03  Marine x2  
  120  9:06  Marine  
  124  9:10  SCV x2  
  124  9:12  Terran Vehicle Weapons Level 1  
  124  9:16  Marine x2  
  124  9:17  SCV, Medivac, Siege Tank  
  133  9:20  Medivac  
  133  9:21  Marine x2  
  133  9:22  SCV  
  139  9:34  Marine x2  
  139  9:35  Marine x4  
  139  9:37  Factory  
  143  9:39  Terran Infantry Armor Level 2, Marine x2, Terran Infantry Weapons Level 2  
  143  9:42  Barracks Reactor  
  145  9:47  SCV x3  
  145  9:52  Marine x3  
  150  9:53  Marine x3  
  150  9:56  Sensor Tower  
  150  9:57  Refinery, Siege Tank  
  150  9:58  Viking, Refinery  
  150  9:59  Missile Turret  
  159  10:07  Planetary Fortress  
  159  10:14  Supply Depot  
  159  10:15  Supply Depot  
  159  10:16  Supply Depot, Marine x4  
  163  10:22  Marine x3  
  163  10:25  Missile Turret  
  163  10:26  Missile Turret  
  166  10:30  SCV x2  
  166  10:32  Marine, Siege Tank  
  166  10:35  Marine x3, Siege Tank  
  178  10:38  Viking x2, Supply Depot, Marine x2  
  178  10:40  Marine x2  
  178  10:42  Marine x2  
  187  10:50  Marine  
  187  10:53  Marine x3  
  187  10:56  Marine x2  
  190  10:58  Marine x2  
  190  11:00  Marine  
  190  11:02  Starport  
  193  11:04  Command Center, Starport  
  192  11:14  Liberator x2  
  198  11:23  Siege Tank  
  198  11:25  Marine x7  
  197  11:26  Marine x2  
  197  11:28  Marine  
  198  11:40  Command Center  
  198  11:42  Marine  
  198  11:43  Marine  
  195  11:50  Marine  
  195  11:51  Marine  
  195  11:52  Marine x4  
  195  11:53  Marine x2  
  174  11:56  Siege Tank  
  174  11:57  Viking, SCV x4  
  174  12:00  Command Center, Marine x2  
  180  12:04  Viking  
  182  12:08  Marine x2  
  182  12:09  SCV  
  182  12:10  Marine x2  
  182  12:14  Siege Tank  
  182  12:15  Terran Infantry Weapons Level 3  
  190  12:16  Terran Vehicle Weapons Level 2  
  190  12:18  Terran Infantry Armor Level 3  
  190  12:22  SCV x3  
  193  12:26  Viking  
  194  12:36  Marine x2  
  178  12:40  Marine x3  
  178  12:41  SCV  
  178  12:42  Marine  
  170  12:44  Viking  
  170  12:47  Marine x2  
  170  12:50  Marine x2  
  176  12:53  Siege Tank  
  176  12:54  Marine x2  
  176  12:55  Siege Tank  
  176  12:56  Viking  
  186  13:02  Starport Tech Lab x2  
  186  13:05  Armory  
  186  13:16  Viking, Sensor Tower  
  188  13:26  Siege Tank  
  190  13:33  Marine  
  187  13:35  Marine x2  
  187  13:36  Missile Turret, Refinery x2, Marine x6  
  187  13:39  Marine  
  196  13:47  Liberator x2  
  195  13:49  Raven x2  
  195  13:51  Marine  
  200  13:56  Planetary Fortress  
  200  13:57  Command Center  
  199  14:13  Marine  
  198  14:26  Marine x2  
  200  14:35  Terran Ship Weapons Level 1, Terran Vehicle And Ship Armor Level 1  
  200  14:43  Liberator  
  200  14:53  Orbital Command  
  200  14:56  Command Center x2  
  200  14:57  Starport  
  200  14:58  Command Center, Starport  
  200  15:01  Command Center  
  199  15:15  Sensor Tower  
  199  15:40  Viking x2  
  198  15:47  Starport Reactor x2  
  195  15:59  Hi-Sec Auto Tracking, Neosteel Armor  
  195  16:04  Barracks  
  195  16:05  Barracks  
  192  16:12  Orbital Command  
  192  16:14  Planetary Fortress  
  192  16:15  Orbital Command  
  192  16:18  Missile Turret  
  192  16:20  Viking x4  
  198  16:30  Viking x4  
  181  16:40  Missile Turret  
  175  16:49  Siege Tank x2  
  175  16:50  Viking x4  
  175  16:51  Orbital Command x2  
  175  16:53  Barracks Reactor x2  
  189  16:54  Barracks  
  189  16:55  Barracks  
  189  16:59  Terran Ship Weapons Level 2, Terran Vehicle And Ship Armor Level 2  
  189  17:00  Viking x4  
  197  17:07  Fusion Core  
  191  17:16  Marine x4  
  191  17:17  Marine  
  191  17:20  Viking, Liberator x2  
  191  17:22  Marine, Siege Tank x2  
  196  17:30  Marine x3  
  196  17:36  Viking  
  200  17:37  Viking  
  200  17:41  Viking x2  
  200  17:43  Raven  
  200  17:51  Barracks Reactor x2  
  200  17:59  Advanced Ballistics  
  200  18:08  Command Center x2, Refinery x2  
  200  18:11  Command Center  
  200  18:30  Command Center  
  200  18:31  Command Center  
  193  18:44  Missile Turret  
  193  18:45  Missile Turret, Sensor Tower  
  188  18:49  Liberator  
  188  18:50  Viking, Liberator x3  
  188  18:51  Viking x3  
  181  19:16  Terran Vehicle Weapons Level 3  
  187  19:20  Viking  
  187  19:21  Viking x3  
  189  19:24  Orbital Command x2  
  189  19:25  Planetary Fortress  
  189  19:28  Refinery x2  
  189  19:32  Viking x2  
  189  19:33  Viking  
  189  19:37  Viking  
  196  19:50  Viking x2  
  197  20:02  Viking x3  
  197  20:03  Viking x2  
  194  20:07  Viking  
  183  20:20  Viking, Liberator  
  185  20:32  Viking x3  
  185  20:33  Viking x2  
  192  20:37  Viking  
  192  20:39  Orbital Command  
  192  20:42  Orbital Command  
  189  20:47  Orbital Command, Missile Turret  
  189  20:50  Liberator  
  192  21:02  Viking, Liberator x2  
  193  21:36  Liberator x2  
  192  21:49  Liberator x2  
  192  21:50  Liberator x2  
  192  21:51  Liberator  
  188  22:12  Liberator  
  188  22:15  Marine x3  
  167  22:16  Marine x6  
  167  22:17  Marine x4  
  167  22:18  Marine x4  
  167  22:19  Marine, Liberator x2  
  186  22:32  Liberator x2  
  186  22:33  Raven, Marine x3  
  186  22:34  Marine x6  
  200  22:46  Siege Tank x2  
  200  22:49  Marine x3  
  194  22:55  Marine x2  
  190  23:00  Marine  
  190  23:04  Marine x2  
  193  23:07  Marine x5  
  193  23:08  Marine x2  
  193  23:10  Orbital Command  
  184  23:33  Liberator x5  
  194  23:35  Siege Tank  
  197  23:54  Missile Turret  
  197  23:59  Siege Tank  
Tags
 
Add a new tag
Caveats
  • Supply blocks, unpowered buildings, or Contaminate may cause inaccurate times.
  • Supply counts are checked every 10 seconds.